[Event "Titled Tuesday Blitz May 24 Early 2022"]
[White "Mikhalsky, Vladimir"]
[Black "Eynullayev, Atilla"]
[WhiteFideId "14144352"]
[BlackFideId "13413570"]
[WhiteElo "2301"]
[BlackElo "1936"]
[Result "1-0"]
[Round "08"]
[TimeControl "180+1"]
[Date "2022.05.25"]
[WhiteClock "0:00:10"]
[BlackClock "0:00:04"]

1. e4 c5 2. Nf3 d6 3. Bb5+ Nd7 4. O-O a6 5. Be2 Ngf6 6. Nc3 e6 7. d4 cxd4 8. Nxd4 Be7 9. b3 O-O 10. Bb2 Qc7 11. f4 b5 12. Bf3 Bb7 13. Kh1 b4 14. Na4 Nxe4 15. Qe1 d5 16. c4 bxc3 17. Nxc3 Nxc3 18. Bxc3 Bf6 19. Rc1 Rfe8 20. Ba1 Qd6 21. Qg3 g6 22. Rfe1 Nc5 23. Rcd1 Bg7 24. Qh4 Qd8 25. Qf2 Qb8 26. Nf5 exf5 27. Qxc5 Rxe1+ 28. Rxe1 Qxf4 29. Qb6 Bxa1 30. Qxb7 Rb8 31. Qxd5 Bf6 32. Qd7 Be5 33. Kg1 Qxh2+ 34. Kf2 Qh1 35. Rxh1 Rf8 36. Qd5 Bf6 37. Re1 Bh4+ 38. Kf1 Bxe1 39. Kxe1 Re8+ 40. Kf1 Kg7 41. Qd4+ Kh6 42. Qc4 Re6 43. Qc1+ Kg7 44. Qf4 h6 45. Qc4 g5 46. Bd5 Rf6 47. Qd4 Kg6 48. g4 fxg4+ 49. Kg2 h5 50. Be4+ Kg7 51. Qe5 h4 52. Qxg5+ 1-0


[Site "https://www.chess.com"]

[Event "Titled Tuesday Blitz May 24 Early 2022"]
[White "Molina, Roberto Junio Brito"]
[Black "Nguyen, Quoc Hy"]
[WhiteFideId "2109450"]
[BlackFideId "12410853"]
[WhiteElo "2432"]
[BlackElo "1938"]
[Result "1/2-1/2"]
[Round "08"]
[TimeControl "180+1"]
[Date "2022.05.24"]
[WhiteClock "0:00:15"]
[BlackClock "0:00:10"]

1. d4 d5 2. c4 c6 3. Nc3 e6 4. Nf3 dxc4 5. a4 Bb4 6. Bd2 e5 7. e3 exd4 8. Nxd4 c5 9. Ndb5 Be6 10. Qf3 Nc6 11. Qg3 Kf8 12. Nd6 Nf6 13. Nxc4 Bxc4 14. Bxc4 Na5 15. Ba2 Qxd2+ 16. Kxd2 Ne4+ 17. Kc2 Nxg3 18. hxg3 Bxc3 19. bxc3 c4 20. Rh5 b6 21. Rd1 Ke7 22. Re5+ Kf6 23. Re4 Rhe8 24. Rf4+ Kg6 25. Bxc4 Nxc4 26. Rxc4 Re7 27. Rd6+ f6 28. Rcd4 Rc8 29. Rd7 Rc7 30. Rxe7 Rxe7 31. g4 Kg5 32. g3 g6 33. Kd3 Rc7 34. f3 Rc5 35. Rd7 Ra5 36. Rxh7 Rxa4 37. Rd7 f5 38. gxf5 gxf5 39. Rd5 Kf6 40. c4 Ra3+ 41. Kd4 Ke6 42. Re5+ Kf6 43. Rd5 Ke6 44. g4 fxg4 45. f4 Ra1 46. Rg5 Rd1+ 47. Ke4 Rc1 48. Rg6+ Kf7 49. Rc6 g3 50. Kf3 Rc3 51. Rc7+ Kf6 52. Rxa7 g2 53. Kxg2 Rxe3 54. Rb7 Re6 55. Kf3 Rc6 56. Kg4 Rxc4 57. Rxb6+ Kf7 58. Kg5 Rc1 59. Rb7+ Kf8 60. f5 Rc6 61. Rb8+ Kf7 62. Rb5 Kg7 63. Rb7+ Kf8 64. Ra7 Rb6 65. Ra2 Rc6 66. Rh2 Rb6 67. Rh8+ Kg7 68. Rc8 Kf7 69. Rc7+ Kf8 70. f6 Rb1 71. Kf5 Rf1+ 72. Ke6 Re1+ 73. Kd6 Rd1+ 74. Ke5 Re1+ 75. Kf5 Rf1+ 76. Ke6 Re1+ 77. Kd6 Rd1+ 78. Kc5 Rc1+ 79. Kb6 Rxc7 80. Kxc7 Kf7 81. Kc6 Kxf6 1/2-1/2


[Site "https://www.chess.com"]

[Event "Titled Tuesday Blitz May 24 Early 2022"]
[White "Nakamura, Hikaru"]
[Black "Keymer, Vincent"]
[WhiteFideId "2016192"]
[BlackFideId "12940690"]
[WhiteElo "2850"]
[BlackElo "2548"]
[Result "1-0"]
[Round "08"]
[TimeControl "180+1"]
[Date "2022.05.24"]
[WhiteClock "0:00:23"]
[BlackClock "0:00:02"]

1. e4 c6 2. d4 d5 3. exd5 cxd5 4. Bd3 Nf6 5. c3 Bg4 6. Qb3 Qc7 7. h3 Bh5 8. Ne2 Bxe2 9. Bxe2 e6 10. Na3 Nc6 11. Bf4 Qd7 12. O-O Be7 13. Bd3 O-O 14. Rfe1 h6 15. Nb1 Bd6 16. Bxd6 Qxd6 17. Nd2 e5 18. dxe5 Nxe5 19. Bf1 Rfe8 20. Rad1 Qc7 21. g3 Re6 22. Bg2 Rae8 23. Re3 Rb6 24. Qa3 a6 25. Qa5 Rc6 26. Qxc7 Rxc7 27. f4 Nc4 28. Nxc4 dxc4 29. Rxe8+ Nxe8 30. Rd8 Kf8 31. Rb8 b5 32. Rb6 Ke7 33. Rxa6 Rd7 34. Bc6 Rd1+ 35. Kf2 Nd6 36. Ra7+ Ke6 37. g4 g6 38. Ra6 Rd2+ 39. Ke3 Rd3+ 40. Ke2 Rxh3 41. Bxb5 Rh2+ 42. Kf3 Kd5 43. Bc6+ Kc5 44. Ba8 Rd2 45. a4 Rd3+ 46. Ke2 1-0


[Site "https://www.chess.com"]

[Event "Titled Tuesday Blitz May 24 Early 2022"]
[White "Navalgund, Niranjan"]
[Black "Jian, Alex"]
[WhiteFideId "5030854"]
[BlackFideId "30901022"]
[WhiteElo "2290"]
[BlackElo "2111"]
[Result "1-0"]
[Round "08"]
[TimeControl "180+1"]
[Date "2022.05.25"]
[WhiteClock "0:00:52"]
[BlackClock "0:00:02"]

1. e4 c5 2. b4 cxb4 3. a3 d5 4. exd5 Qxd5 5. Nf3 e5 6. c4 Qd8 7. d4 exd4 8. Be2 Nf6 9. O-O Nc6 10. axb4 Bxb4 11. Ba3 Bxa3 12. Nxa3 O-O 13. Nb5 Bg4 14. Nfxd4 Nxd4 15. Nxd4 Bxe2 16. Nxe2 Qxd1 17. Rfxd1 Rfc8 18. Rdb1 Rc7 19. Nd4 a6 20. c5 g6 21. c6 bxc6 22. Rb6 Nd5 23. Rxc6 Rxc6 24. Nxc6 Kf8 25. f3 Ke8 26. Ra5 Nb6 27. Nb4 Nc4 28. Rc5 Nd6 29. Rc6 Kd7 30. Rxa6 Rxa6 31. Nxa6 Kc6 32. Nb4+ Kc5 33. Nc2 Kc4 34. Kf2 Nf5 35. Ne3+ Nxe3 36. Kxe3 Kd5 37. Kf4 f6 38. h4 h5 39. g4 Ke6 40. Ke4 f5+ 41. gxf5+ gxf5+ 42. Kd4 Kd6 43. f4 Ke6 44. Kc5 Ke7 45. Kd5 Kf6 46. Kd6 Kf7 47. Ke5 Kg6 48. Ke6 Kg7 49. Kxf5 1-0


[Site "https://www.chess.com"]

[Event "Titled Tuesday Blitz May 24 Early 2022"]
[White "Nogerbek, Kazybek"]
[Black "Bortnyk, Olexandr"]
[WhiteFideId "13710427"]
[BlackFideId "14120828"]
[WhiteElo "2441"]
[BlackElo "2723"]
[Result "1/2-1/2"]
[Round "08"]
[TimeControl "180+1"]
[Date "2022.05.24"]
[WhiteClock "0:00:04"]
[BlackClock "0:00:01"]

1. Nf3 Nf6 2. c4 b6 3. g3 Bb7 4. Bg2 g6 5. O-O Bg7 6. b3 O-O 7. Bb2 e6 8. Nc3 d5 9. cxd5 exd5 10. e3 Re8 11. Ne2 Nbd7 12. Rc1 c5 13. d4 Ne4 14. Rc2 Rc8 15. dxc5 Bxb2 16. Rxb2 bxc5 17. Nf4 Ndf6 18. Rc2 Qa5 19. Qa1 c4 20. Nd4 c3 21. Rfc1 Ba6 22. f3 g5 23. fxe4 gxf4 24. Rxc3 fxe3 25. Rxe3 Rxc1+ 26. Qxc1 dxe4 27. h3 Rc8 28. Qb2 Qe5 29. Qd2 Rd8 30. Nc6 Qa1+ 31. Re1 Rxd2 32. Rxa1 e3 33. Re1 e2 34. a4 Rd3 35. Nb4 Rd1 36. Kf2 Bc8 37. Rxe2 Be6 38. Nc6 Bxb3 39. a5 a6 40. g4 Bc4 41. Rc2 Bd3 42. Rb2 Ra1 43. Rb6 Kg7 44. Bf3 Ra2+ 45. Ke3 Ra3 46. Kf4 h6 47. h4 Bb5 48. Nd4 Bd7 49. Rd6 Rxa5 50. g5 hxg5+ 51. hxg5 Nh7 52. Rxd7 Nxg5 53. Nf5+ Kg6 54. Ne7+ Kf6 55. Nd5+ Kg6 56. Rd6+ Ne6+ 57. Ke5 Ra3 58. Bg4 Ra1 59. Bxe6 Re1+ 60. Kd4 fxe6 61. Ne3 Kf6 62. Rxa6 Rb1 63. Ng4+ Kf5 64. Ne3+ Kf4 65. Nc4 Rd1+ 66. Kc3 e5 67. Rf6+ Kg5 68. Re6 Kf4 69. Nxe5 Kf5 70. Re8 Re1 71. Rf8+ Ke4 72. Nd3 Ra1 73. Rf4+ Ke3 74. Rf5 Ra3+ 75. Kc4 Rxd3 76. Re5+ Kd2 77. Rd5 Rxd5 78. Kxd5 1/2-1/2


[Site "https://www.chess.com"]

[Event "Titled Tuesday Blitz May 24 Early 2022"]
[White "Nugumanov, Bakhtiyar"]
[Black "Odegov, Artem"]
[WhiteFideId "13701797"]
[BlackFideId "34183644"]
[WhiteElo "2262"]
[BlackElo "2286"]
[Result "0-1"]
[Round "08"]
[TimeControl "180+1"]
[Date "2022.05.25"]
[WhiteClock "0:00:02"]
[BlackClock "0:00:05"]

1. Nf3 d5 2. g3 c6 3. Bg2 Bf5 4. c4 e6 5. O-O Nf6 6. cxd5 exd5 7. d3 Be7 8. Qb3 Qb6 9. Qc2 O-O 10. Nc3 Nbd7 11. e4 dxe4 12. dxe4 Bg6 13. Be3 Qa6 14. Rad1 Bc5 15. Bf4 Rfe8 16. Nh4 Nf8 17. Nxg6 hxg6 18. Bd6 Bxd6 19. Rxd6 Rad8 20. Qd2 Qa5 21. Rd1 Rxd6 22. Qxd6 Ne6 23. e5 Rd8 24. Qe7 Rxd1+ 25. Nxd1 Qe1+ 26. Bf1 Ne4 27. Qe8+ Nf8 28. Qd8 Nd2 29. Ne3 Nxf1 30. Nxf1 Qxe5 31. b3 Qb2 32. Qb8 Qxa2 33. Qxb7 Qc2 34. Qxa7 Qxb3 35. Qc5 Qb5 36. Qe7 Qd5 37. Ne3 Qe6 38. Qc5 Qf6 39. Kg2 Qe6 40. h3 Nd7 41. Qa7 Nf6 42. Kh2 Ne4 43. Kg1 Kh7 44. Ng4 Ng5 45. Kg2 Qe4+ 46. Kf1 Nf3 47. Ne3 Nd2+ 48. Ke2 Nc4 49. Qc5 Nxe3 50. fxe3 Qg2+ 51. Kd3 Qxg3 52. Qxc6 Qxh3 53. Qc7 Qf5+ 54. e4 Qh3+ 55. Kd4 Qf3 56. Qd7 Qf6+ 57. Ke3 Qe6 58. Qb7 g5 59. Ke2 Qe5 60. Kf2 Qf4+ 61. Kg2 g6 62. Qd5 g4 63. Kg1 Qg3+ 64. Kf1 Qf3+ 65. Ke1 g3 66. Qg5 Qf2+ 67. Kd1 g2 68. Qh4+ Qxh4 0-1


[Site "https://www.chess.com"]

[Event "Titled Tuesday Blitz May 24 Early 2022"]
[White "Olafsson, Helgi"]
[Black "Poltorak, Sebastian"]
[WhiteFideId "2300010"]
[BlackFideId "1199498"]
[WhiteElo "2463"]
[BlackElo "2066"]
[Result "0-1"]
[Round "08"]
[TimeControl "180+1"]
[Date "2022.05.25"]
[WhiteClock "0:00:12"]
[BlackClock "0:00:04"]

1. Nf3 Nf6 2. c4 c5 3. g3 g6 4. Bg2 Bg7 5. O-O O-O 6. Nc3 Nc6 7. d4 cxd4 8. Nxd4 Nxd4 9. Qxd4 d6 10. Bg5 h6 11. Bd2 a6 12. Rac1 Rb8 13. Qd3 Bd7 14. Be3 Qa5 15. Rfd1 Bc6 16. b3 Bxg2 17. Kxg2 b5 18. Nd5 Nxd5 19. cxd5 Qxa2 20. Rc7 Rfe8 21. Rdc1 a5 22. Ra7 a4 23. bxa4 bxa4 24. Qc4 Qxc4 25. Rxc4 Rb5 26. Rcxa4 Rxd5 27. Rd7 g5 28. g4 Bf6 29. h3 Rc8 30. Kf3 Rb5 31. Raa7 Kg7 32. Rab7 Rd5 33. Rdc7 Ra8 34. Ra7 Rh8 35. Rab7 h5 36. Kg2 hxg4 37. hxg4 Rd1 38. Rc1 Rxc1 39. Bxc1 Rc8 40. Bb2 Rc2 41. Bxf6+ Kxf6 42. Kf3 Ke6 43. e3 f6 44. Rb8 Rc6 45. Rd8 d5 46. Rg8 Rc7 47. Ra8 Rd7 48. Ra6+ Ke5 49. Ra5 e6 50. e4 Rc7 51. exd5 exd5 52. Ke3 Rc3+ 53. Ke2 Rc4 54. f3 Kd4 55. Ra6 Rc2+ 56. Ke1 Ke3 57. Rxf6 Rc1# 0-1


[Site "https://www.chess.com"]

[Event "Titled Tuesday Blitz May 24 Early 2022"]
[White "Pacheco Lugo, Alejandro Jose"]
[Black "Petrova, Irina"]
[WhiteFideId "3903745"]
[BlackFideId "14124122"]
[WhiteElo "2146"]
[BlackElo "1993"]
[Result "1-0"]
[Round "08"]
[TimeControl "180+1"]
[Date "2022.05.25"]
[WhiteClock "0:01:36"]
[BlackClock "0:00:04"]

1. e4 c5 2. Nf3 Nc6 3. d4 cxd4 4. Nxd4 Nf6 5. Nc3 e5 6. Ndb5 d6 7. Bg5 a6 8. Na3 b5 9. Bxf6 gxf6 10. Nd5 Bg7 11. g3 O-O 12. Bg2 Ne7 13. Nxe7+ Qxe7 14. O-O Bb7 15. c4 b4 16. Nc2 a5 17. b3 f5 18. exf5 Bxg2 19. Kxg2 e4 20. Ne3 Bxa1 21. Qxa1 Qe5 22. Qd1 a4 23. Qh5 axb3 24. axb3 Ra2 25. Ng4 Qg7 26. Re1 Re8 27. Qh4 e3 28. Nxe3 Kh8 29. Rd1 Qb2 30. Ng4 Re2 31. Rf1 Re8 32. Nf6 Kg7 33. Nxe8+ Kf8 34. Nxd6 Qe2 35. f6 Kg8 36. Qg5+ 1-0


[Site "https://www.chess.com"]

[Event "Titled Tuesday Blitz May 24 Early 2022"]
[White "Pakleza, Zbigniew"]
[Black "Ivanisevic, Ivan"]
[WhiteFideId "1119290"]
[BlackFideId "912417"]
[WhiteElo "2467"]
[BlackElo "2495"]
[Result "1-0"]
[Round "08"]
[TimeControl "180+1"]
[Date "2022.05.24"]
[WhiteClock "0:00:04"]
[BlackClock "0:00:01"]

1. d4 Nf6 2. Nf3 e6 3. Bf4 d6 4. h3 Nbd7 5. e3 g6 6. c4 Bg7 7. Nc3 b6 8. Be2 Bb7 9. O-O Ne4 10. Nxe4 Bxe4 11. Bh2 O-O 12. Rc1 a5 13. Nd2 Bb7 14. Bf3 Qb8 15. a3 a4 16. Ne4 Bxe4 17. Bxe4 Ra5 18. Bc6 Nf6 19. Bxa4 Qa8 20. Bc2 Rg5 21. f3 Ra5 22. Bd3 e5 23. dxe5 dxe5 24. Qc2 Re8 25. Be2 Qc6 26. Kh1 e4 27. f4 Nd7 28. Rcd1 Ra4 29. f5 Raa8 30. Qd2 Nc5 31. b4 Na4 32. Qd7 Qxd7 33. Rxd7 Nc3 34. Bg4 h5 35. fxg6 fxg6 36. Rff7 Bh8 37. Bxh5 gxh5 38. Bxc7 Rxa3 39. Rf5 Ra1+ 40. Kh2 Rd1 41. Rg5+ Kf8 42. Rh7 Bf6 43. Rf5 Kg8 44. Rhxh5 Re6 45. Bf4 Rd7 46. c5 b5 47. c6 Rxc6 48. Rc5 Rxc5 49. bxc5 Nd5 50. c6 Rd8 51. c7 Nxc7 52. Bxc7 Rc8 53. Bf4 b4 54. Rb5 Bc3 55. g4 Rc4 56. h4 Bd2 57. g5 Rc3 58. g6 Bxe3 59. Be5 Rc8 60. h5 Re8 61. Kh3 Bd2 62. Kg4 e3 63. h6 Rxe5 64. Rxe5 Kf8 65. g7+ Kf7 66. Rf5+ 1-0


[Site "https://www.chess.com"]

[Event "Titled Tuesday Blitz May 24 Early 2022"]
[White "Papasimakopoulos, Alexandros"]
[Black "Tregubov, Pavel V."]
[WhiteFideId "4244125"]
[BlackFideId "4115341"]
[WhiteElo "2340"]
[BlackElo "2341"]
[Result "0-1"]
[Round "08"]
[TimeControl "180+1"]
[Date "2022.05.25"]
[WhiteClock "0:00:16"]
[BlackClock "0:00:17"]

1. d4 Nf6 2. c4 e6 3. Nc3 Bb4 4. Qc2 c5 5. dxc5 O-O 6. Nf3 Na6 7. Bg5 Nxc5 8. e3 Nce4 9. Bxf6 Qxf6 10. Rc1 Nxc3 11. bxc3 Ba5 12. Bd3 h6 13. O-O b6 14. Be4 Rb8 15. Nd4 Ba6 16. Nb5 Rfc8 17. Qd3 Bxb5 18. cxb5 d5 19. Bf3 Rxc3 20. Rxc3 Bxc3 21. Rc1 Rc8 22. Bd1 Rc5 23. Bc2 g6 24. Bb3 Kg7 25. g3 h5 26. h4 Bb2 27. Rb1 Be5 28. Kg2 Bc7 29. Rd1 Qb2 30. Rd2 Qe5 31. Bd1 Rc3 32. Qe2 Bd6 33. Bb3 Bc5 34. Rc2 Qe4+ 35. Kg1 d4 36. Rxc3 dxc3 37. Bc2 Qb4 38. Qd3 Be7 39. a4 Bf6 40. Kg2 Qc5 41. Kg1 Kf8 42. Qd7 Qd5 43. Qxa7 Qd2 44. Qa8+ Kg7 45. Qe4 Qc1+ 46. Kg2 Qd2 47. a5 bxa5 48. b6 Qd6 49. b7 Qc7 50. Kg1 Be5 51. Kg2 Qc5 52. Kg1 Bc7 53. Qd3 Qb4 54. Qe4 Qxe4 55. Bxe4 Kf6 56. Bc2 Ke5 57. Kf1 Kd5 58. Ke2 Kc4 59. Kd1 Kb4 60. Kc1 a4 61. Kb1 a3 62. Bd3 Bd6 63. Bc2 Ka5 64. Ka2 Kb6 65. Kb3 Kxb7 66. Bb1 Bb4 67. Bd3 Kb6 68. Bc4 Kc5 69. Bd3 f5 70. Bb1 e5 71. Bc2 e4 72. Bb1 c2 73. Kxc2 Be1 74. Kd1 Bxf2 75. g4 hxg4 76. Ke2 Bxh4 0-1


[Site "https://www.chess.com"]

[Event "Titled Tuesday Blitz May 24 Early 2022"]
[White "Paravyan, David"]
[Black "Tristan, Leonardo"]
[WhiteFideId "4194985"]
[BlackFideId "113816"]
[WhiteElo "2569"]
[BlackElo "2404"]
[Result "1-0"]
[Round "08"]
[TimeControl "180+1"]
[Date "2022.05.24"]
[WhiteClock "0:00:04"]
[BlackClock "0:00:04"]

1. e4 d5 2. exd5 Qxd5 3. Nc3 Qa5 4. d4 Nf6 5. Nf3 Bf5 6. Bc4 e6 7. Bd2 Bb4 8. O-O Nc6 9. a3 Bxc3 10. Bxc3 Qb6 11. a4 a5 12. Bb5 O-O 13. Nd2 Nb4 14. Nc4 Qa7 15. Ne3 Bg6 16. Bxb4 axb4 17. Qd2 c6 18. Be2 Rfd8 19. Qxb4 Rxd4 20. Qb3 Nd5 21. a5 Rb4 22. Qa3 Nxe3 23. Qxb4 Nxc2 24. Qc3 Nxa1 25. Rxa1 Be4 26. h4 Bd5 27. b4 Rd8 28. Rd1 Qb8 29. Rd3 Qf4 30. Rd4 Qf6 31. Qe3 e5 32. Rg4 Kf8 33. Rg5 Re8 34. Qc5+ Qe7 35. Rxe5 Qxc5 36. Rxe8+ Kxe8 37. bxc5 Ke7 38. f4 Ke6 39. Kf2 Be4 40. Bc4+ Kf5 41. g3 f6 42. Ke3 Bg2 43. g4+ Kxg4 44. Be6+ Kxh4 45. Bc8 Kg3 46. Bxb7 g5 47. fxg5 f5 48. Ba6 f4+ 49. Kd2 Bh3 50. Bd3 f3 51. a6 Bc8 52. a7 Bb7 53. Ke3 f2 54. Bf1 Ba8 55. Ke2 Bb7 56. Ke3 Ba8 57. Ke4 Kh2 58. Ke5 Kg1 59. Bd3 Bb7 60. Kd6 Ba8 61. Kc7 1-0


[Site "https://www.chess.com"]

[Event "Titled Tuesday Blitz May 24 Early 2022"]
[White "Perez Leiva, Jerzy Jesus"]
[Black "Preotu, Razvan"]
[WhiteFideId "3524337"]
[BlackFideId "2613280"]
[WhiteElo "2287"]
[BlackElo "2407"]
[Result "0-1"]
[Round "08"]
[TimeControl "180+1"]
[Date "2022.05.25"]
[WhiteClock "0:00:03"]
[BlackClock "0:01:22"]

1. e4 c5 2. Nf3 d6 3. d4 cxd4 4. Nxd4 Nf6 5. Nc3 a6 6. Bg5 e6 7. f4 Be7 8. Qf3 Qc7 9. O-O-O Nbd7 10. g4 b5 11. Bxf6 Nxf6 12. g5 Nd7 13. f5 O-O 14. Kb1 b4 15. Nce2 Bb7 16. Rg1 exf5 17. Nxf5 Ne5 18. Qg2 Rfc8 19. Nf4 Bf8 20. Bd3 a5 21. Nh5 a4 22. Nf6+ gxf6 23. gxf6+ Ng6 24. Qh3 b3 25. cxb3 axb3 26. a3 Ba6 27. Bxa6 Qc2+ 28. Ka1 Rxa6 29. Qg2 Rxa3+ 30. bxa3 b2+ 31. Ka2 b1=Q# 0-1


[Site "https://www.chess.com"]

[Event "Titled Tuesday Blitz May 24 Early 2022"]
[White "Perez Rodriguez, Jennifer"]
[Black "Perez Gormaz, Matias"]
[WhiteFideId "3507831"]
[BlackFideId "3406342"]
[WhiteElo "2170"]
[BlackElo "2341"]
[Result "0-1"]
[Round "08"]
[TimeControl "180+1"]
[Date "2022.05.25"]
[WhiteClock "0:00:46"]
[BlackClock "0:01:09"]

1. e4 d5 2. exd5 Qxd5 3. d4 Qd8 4. c4 e5 5. dxe5 Qxd1+ 6. Kxd1 Nc6 7. Nf3 Bg4 8. Be2 O-O-O+ 9. Kc2 Bf5+ 10. Kc3 Bb4+ 11. Kb3 Bc5 12. a3 Bxf2 13. Nc3 Nge7 14. Bg5 h6 15. Bxe7 Nxe7 16. Rad1 Nc6 17. Rhf1 Bc5 18. Rd5 b6 19. Ka2 Be6 20. Rxd8+ Rxd8 21. b3 Nd4 22. Rd1 a6 23. Ne4 Nxe2 24. Rxd8+ Kxd8 25. b4 Bxc4+ 0-1


[Site "https://www.chess.com"]

[Event "Titled Tuesday Blitz May 24 Early 2022"]
[White "Pesotskiy, Mikhail"]
[Black "Shevtchenko, Olesya"]
[WhiteFideId "34164453"]
[BlackFideId "24131890"]
[WhiteElo "2010"]
[BlackElo "2003"]
[Result "1-0"]
[Round "08"]
[TimeControl "180+1"]
[Date "2022.05.25"]
[WhiteClock "0:02:26"]
[BlackClock "0:00:13"]

1. d4 d5 2. c4 e6 3. Nc3 c6 4. Nf3 Nf6 5. Bg5 h6 6. Bxf6 Qxf6 7. e4 dxe4 8. Nxe4 Bb4+ 9. Nc3 O-O 10. Qb3 a5 11. Be2 Nd7 12. O-O e5 13. a3 exd4 14. axb4 dxc3 15. bxc3 Ne5 16. Rxa5 Rxa5 17. bxa5 Re8 18. Nxe5 Qxe5 19. Bf3 Qxa5 20. h3 Qc7 21. Rb1 Qf4 22. c5 Bxh3 23. Qxb7 Bg4 24. Qxc6 Rc8 25. Qd6 Qxd6 26. cxd6 Bxf3 27. gxf3 Rxc3 28. d7 1-0


[Site "https://www.chess.com"]

[Event "Titled Tuesday Blitz May 24 Early 2022"]
[White "Petre, Nad-Titus"]
[Black "Costachi, Mihnea"]
[WhiteFideId "1204165"]
[BlackFideId "1217518"]
[WhiteElo "2354"]
[BlackElo "2476"]
[Result "0-1"]
[Round "08"]
[TimeControl "180+1"]
[Date "2022.05.24"]
[WhiteClock "0:00:01"]
[BlackClock "0:00:06"]

1. e4 e5 2. Nf3 Nf6 3. Nxe5 d6 4. Nf3 Nxe4 5. Nc3 Nxc3 6. dxc3 Be7 7. Be3 Be6 8. Bd3 Nc6 9. Qe2 h6 10. O-O-O a6 11. Kb1 Qd7 12. Nd4 Nxd4 13. Bxd4 Rg8 14. Bh7 Rh8 15. Be4 O-O-O 16. Bxg7 Rhg8 17. Bxh6 Rg4 18. f3 Rh4 19. Bc1 Re8 20. Qf2 Kb8 21. h3 Rhh8 22. b3 f5 23. Bd5 Bf6 24. Bb2 f4 25. Rd2 Qf7 26. Bxe6 Qxe6 27. c4 Bxb2 28. Kxb2 Qf6+ 29. Kb1 Re3 30. g4 Qc3 31. h4 Rxf3 32. Qd4 Rxh4 33. Rxh4 Rf1+ 34. Rd1 Qxd4 35. Rxf1 f3 36. Rh3 f2 37. Rf3 Qxg4 38. R3xf2 a5 39. a4 Qd4 40. Rf8+ Ka7 41. R8f4 Qc3 42. Rf7 Kb6 43. R7f5 c6 44. Rd1 Qg3 45. Rf6 Kc5 46. Rfxd6 Kb4 47. R6d3 Qe5 48. Ka2 Qe2 49. R1d2 Qe1 50. Kb2 Qe4 51. Rd4 Qe3 52. R2d3 Qe2 53. Rd2 Qe3 54. Ka2 Kc5 55. R4d3 Qe4 56. Rd7 Kb6 57. Kb2 Qe5+ 58. R7d4 c5 59. c3 cxd4 60. cxd4 Qe3 61. c5+ Kc6 62. Rd1 Kd5 63. Kc2 Qe2+ 64. Rd2 Qe4+ 65. Kb2 Qe3 66. Rd1 Qe2+ 67. Kc1 Qa2 68. Rd3 Ke4 69. Rd1 Qxb3 70. Rd2 Qa3+ 71. Kd1 Qxa4+ 72. Ke2 Kd5 73. Kf2 Qc4 74. Ke3 Qc3+ 75. Rd3 Qc1+ 0-1


[Site "https://www.chess.com"]

[Event "Titled Tuesday Blitz May 24 Early 2022"]
[White "Pham, Tran Gia Phuc"]
[Black "Chernomordik, Pavel"]
[WhiteFideId "12415669"]
[BlackFideId "2804530"]
[WhiteElo "1789"]
[BlackElo "2220"]
[Result "1-0"]
[Round "08"]
[TimeControl "180+1"]
[Date "2022.05.25"]
[WhiteClock "0:00:14"]
[BlackClock "0:00:08"]

1. e4 g6 2. Nc3 Bg7 3. d4 d6 4. Be3 a6 5. Qd2 b5 6. a3 Bb7 7. f3 Nd7 8. g4 c5 9. Nge2 Qc7 10. h4 h6 11. h5 g5 12. Ng3 e6 13. O-O-O O-O-O 14. Qf2 Ne7 15. dxc5 Nxc5 16. Bd4 Bxd4 17. Rxd4 Nc6 18. Rd2 Ne5 19. Be2 Rd7 20. Rhd1 Rhd8 21. Kb1 Kb8 22. b4 Ncd3 23. cxd3 Qxc3 24. d4 Nc4 25. Bxc4 bxc4 26. Rc1 Qxa3 27. Ra2 Qxb4+ 28. Rb2 Qa4 29. d5 Rc8 30. Qd4 Rc5 31. Ne2 e5 32. Qc3 Rdc7 33. Ng3 Rb5 34. Nf5 Rxb2+ 35. Qxb2 Qd7 36. Qb6 c3 37. Nxd6 Qa4 38. Rc2 Qd4 39. Qb3 Ka7 40. Ka2 Ba8 41. Qa3 Qb6 42. Nf5 Qb5 43. Rxc3 Qe2+ 44. Qb2 Qxb2+ 45. Kxb2 Rxc3 46. Kxc3 Kb6 47. Nxh6 Kc5 48. Nxf7 a5 49. h6 a4 50. h7 a3 51. h8=Q 1-0


[Site "https://www.chess.com"]

[Event "Titled Tuesday Blitz May 24 Early 2022"]
[White "Piliczewski, Bogusz"]
[Black "Skytte, Rasmus"]
[WhiteFideId "1104144"]
[BlackFideId "1404210"]
[WhiteElo "1896"]
[BlackElo "2430"]
[Result "1-0"]
[Round "08"]
[TimeControl "180+1"]
[Date "2022.05.25"]
[WhiteClock "0:01:36"]
[BlackClock "0:01:37"]

1. d4 Nf6 2. Nf3 d5 3. c4 dxc4 4. e3 e6 5. Bxc4 Be7 6. O-O O-O 7. Nc3 c6 8. Qe2 Nbd7 9. Rd1 Nb6 10. Bd3 Qc7 11. e4 Nfd7 12. g3 e5 13. dxe5 Nxe5 14. Bf4 Bd6 15. Nxe5 Bxe5 16. Bxe5 Qxe5 17. f4 Qc5+ 18. Qf2 Qxf2+ 19. Kxf2 Be6 20. b3 Rfd8 21. Rd2 f5 22. exf5 Bxf5 23. Rad1 Bxd3 24. Rxd3 Rxd3 25. Rxd3 Kf7 26. Ne4 Nd5 27. Nd6+ Kf6 28. Nxb7 Nb4 29. Rd2 Ke6 30. Nc5+ Kf6 31. Ne4+ Kf5 32. Kf3 h5 33. h3 Re8 34. Nd6+ 1-0


[Site "https://www.chess.com"]

[Event "Titled Tuesday Blitz May 24 Early 2022"]
[White "Pranav, V"]
[Black "Matinian, Nikita"]
[WhiteFideId "25060783"]
[BlackFideId "24129100"]
[WhiteElo "2349"]
[BlackElo "2422"]
[Result "1-0"]
[Round "08"]
[TimeControl "180+1"]
[Date "2022.05.24"]
[WhiteClock "0:02:00"]
[BlackClock "0:01:09"]

1. e4 c5 2. Nf3 d6 3. Bb5+ Nd7 4. O-O Nf6 5. d4 cxd4 6. Nxd4 g6 7. Re1 Bg7 8. Bf1 O-O 9. c4 b6 10. Nc3 Bb7 11. b3 Nc5 12. f3 e6 13. Be3 d5 14. cxd5 exd5 15. e5 Nfd7 16. f4 Re8 17. Ndb5 Nxe5 18. fxe5 Bxe5 19. Bd4 f6 20. b4 Na6 21. a3 Qd7 22. Qd2 Rad8 23. Rad1 Kg7 24. Nxa7 Nc7 25. Nab5 Na6 26. Bxb6 d4 27. Bxd4 Qg4 28. Qf2 Bb8 29. Bxf6+ Kh6 30. Bxd8 1-0


[Site "https://www.chess.com"]

[Event "Titled Tuesday Blitz May 24 Early 2022"]
[White "Prokofiev, Valentyn"]
[Black "Vakhlamov, Igor L."]
[WhiteFideId "14160161"]
[BlackFideId "24126748"]
[WhiteElo "2174"]
[BlackElo "2401"]
[Result "1-0"]
[Round "08"]
[TimeControl "180+1"]
[Date "2022.05.25"]
[WhiteClock "0:00:28"]
[BlackClock "0:00:02"]

1. d4 d5 2. c4 e6 3. Nf3 Nf6 4. e3 Be7 5. b3 O-O 6. Bd3 dxc4 7. bxc4 c5 8. O-O cxd4 9. exd4 b6 10. Bb2 Bb7 11. Nbd2 Nbd7 12. Rc1 Qc7 13. Qe2 Qf4 14. d5 Nc5 15. Be5 Qg4 16. h3 Qh5 17. d6 Bd8 18. Rfe1 Nfd7 19. Bg3 Nxd3 20. Qxd3 Nc5 21. Qc2 Bf6 22. Nb3 Bxf3 23. Nxc5 bxc5 24. gxf3 Qxh3 25. Rcd1 Rfd8 26. Qe4 Bd4 27. Rxd4 cxd4 28. c5 d3 29. c6 e5 30. Qxe5 d2 31. Rd1 Qh6 32. Qc3 Rxd6 33. Bxd6 Qxd6 34. c7 Rc8 35. Rxd2 Qg6+ 36. Kf1 Qb1+ 37. Ke2 Re8+ 38. Qe3 Rxe3+ 39. fxe3 Qb5+ 40. Kf2 Qe8 41. Rd8 1-0


[Site "https://www.chess.com"]

[Event "Titled Tuesday Blitz May 24 Early 2022"]
[White "Proudian, Armen"]
[Black "Jakubowska, Anna"]
[WhiteFideId "2130734"]
[BlackFideId "1121952"]
[WhiteElo "2380"]
[BlackElo "1878"]
[Result "1-0"]
[Round "08"]
[TimeControl "180+1"]
[Date "2022.05.25"]
[WhiteClock "0:00:21"]
[BlackClock "0:00:03"]

1. e4 c6 2. d4 d5 3. Nc3 dxe4 4. Nxe4 Nf6 5. Nxf6+ exf6 6. c3 Bd6 7. Bd3 O-O 8. Qc2 Re8+ 9. Ne2 h5 10. Be3 Nd7 11. g4 h4 12. O-O-O Nf8 13. Rdg1 g6 14. g5 f5 15. c4 Be6 16. Kb1 b5 17. d5 cxd5 18. cxb5 Rc8 19. Qd2 d4 20. Nxd4 Bd5 21. Nc6 Qd7 22. Nxa7 Bxh1 23. Nxc8 Rxc8 24. Rxh1 f4 25. Bd4 Ne6 26. Bc3 Bc5 27. Rd1 Rd8 28. a4 Qa7 29. Qc2 Bd4 30. a5 Bxc3 31. Qxc3 Qxf2 32. b6 Qf3 33. Rd2 Qh1+ 34. Qc1 Qb7 35. Bc4 Rxd2 36. Qxd2 Nc5 37. Qd8+ Kh7 38. Qd4 Na4 39. Qxf4 Qg2 40. Qxf7+ Kh8 41. Qg8# 1-0


[Site "https://www.chess.com"]